 Dungeon Crawl Stone Soup version 0.31-a0-255-g9c3d1c461a (webtiles) character file.

Game seed: 18190248040685529600

213 qw the Shooter (level 5, 0/30 HPs)
             Began as a Gargoyle Hexslinger on July 12, 2023.
             Slain by an adder (2 damage)
             ... on level 4 of the Dungeon.
             The game lasted 00:00:49 (2145 turns).

qw the Shooter (Gargoyle Hexslinger)                Turns: 2145, Time: 00:00:50

Health: 0/30       AC:  9    Str: 12    XL:     5   Next: 90%
Magic:  6/6        EV: 11    Int: 13    God:
Gold:   163        SH:  0    Dex: 14    Spells: 5/6 levels left

rFire   . . .        Y - +2 sling (drain)
rCold   . . .        (no shield)
rNeg    + . .        i - +0 leather armour
rPois   inf          a - +0 helmet
rElec   +            g - +0 cloak
rCorr   .            (no gloves)
SInv    .            (no boots)
Will    .....        (no amulet)
Stlth   +            (no ring)
HPRegen 0.25/turn    (no ring)
MPRegen 0.10/turn

%: no passive effects
@: no status effects
A: sickness immunity, AC +4, negative energy resistance 1, electricity
resistance, torment resistance 1, petrification resistance
a: no special abilities


You were on level 4 of the Dungeon.
You visited 1 branch of the dungeon, and saw 4 of its levels.

You collected 163 gold pieces.


Innate Abilities, Weirdness & Mutations

You are immune to sickness and miasma.
Your stone body is resilient. (AC +4)
You are immune to poison.
You resist negative energy. (rN+)
You are resistant to electric shocks. (rElec)
You are resistant to unholy torment.
You are immune to petrification.


   Skills:
 + Level 2.1 Fighting
 - Level 5.6 Ranged Weapons
 - Level 1.5 Dodging
 - Level 1.0 Spellcasting
 - Level 2.6 Hexes


You had 5 spell levels left.
You knew the following spells:

 Your Spells              Type           Power      Damage    Failure   Level
a - Slow                  Hex            28%        N/A       12%         1

Your spell library contained the following spells:

 Spells                   Type           Power      Damage    Failure   Level
 Inner Flame              Hex/Fire       4%         N/A       52%         3
 Portal Projectile        Hex/Tloc       8%         N/A       52%         3
 Cause Fear               Hex            3%         N/A       75%         4

Inventory:

Hand Weapons
 Y - a +2 sling of draining (weapon)
Armour
 a - a +0 helmet (worn)
 g - a +0 cloak (worn)
 i - a +0 leather armour (worn)
Wands
 h - a wand of digging (7)
Potions
 b - a potion of mutation {unknown}
 c - a potion of magic {unknown}
 d - a potion of lignification {unknown}
 e - a potion of might {unknown}
 f - a potion of curing {unknown}
 j - a potion of heal wounds {unknown}

Dungeon Overview and Level Annotations

Branches:
Dungeon (4/15)
 Temple: D:4-7

Altars:
Fedhas

Portals:
Abyss: D:3

Annotations:
D:3 2 transporters, qw's ghost, amateur MiHs


Message History

The black bear claws you but does no damage.
The black bear barely misses you. x3; The black bear closely misses you.
You shoot a sling bullet. The sling bullet hits the black bear.
The black bear is severely wounded.
The black bear goes berserk!
You shoot a sling bullet. The sling bullet hits the black bear.
The black bear is almost dead.
The black bear bites you but does no damage.
The black bear claws you but does no damage.
The black bear barely misses you.
The black bear bites you but does no damage.
The black bear closely misses you.
The black bear claws you but does no damage.
You shoot a sling bullet.
The sling bullet hits the black bear but does no damage.
The black bear is almost dead.
The black bear barely misses you.
The black bear claws you but does no damage. x2
The black bear barely misses you. x2
The black bear claws you but does no damage.
You shoot a sling bullet. The sling bullet hits the black bear.
You drain the black bear.
You kill the black bear!
Your Ranged Weapons skill increases to level 5!
You start resting.
HP restored.
Partly explored, unvisited transporter.
(D) Dungeon
Where to? (* - list waypoints, Enter - D:4, ? - help)
What level of the Dungeon? (default 1, ? - help)
You climb downwards.
The adder bites you but does no damage. The ogre closely misses you.
The adder barely misses you.
There is a stone staircase leading up here.
You shoot a sling bullet. The sling bullet hits the ogre.
The ogre is lightly wounded.
The adder closely misses you.
The ogre hits you with a +0 giant club!!
Ouch! That really hurt!
The adder bites you.
You die...

## .# .##
##..## . .
#....##.. ...
##.......#
.....#..S....#
#....?.@.....#
#.....O......#
#...........?#
##............#
#.......####..
#......... .
.....###..
....# ##.


You could see an ogre and an adder.

Vanquished Creatures
  A black bear (D:3)
  Robin (D:3)
  4 adders
  2 worms (D:2)
  3 dart slugs
  4 ball pythons
  4 endoplasms
  5 giant cockroaches
  10 goblins
  10 hobgoblins
  3 quokkas
  A bat (D:1)
  3 frilled lizards
  5 kobolds
  8 rats
64 creatures vanquished.

Notes
Turn   | Place    | Note
-------+----------+-------------------------------------------
     0 | D:1      | qw the Gargoyle Hexslinger began the quest for the Orb.
     0 | D:1      | Reached XP level 1. HP: 12/12 MP: 2/2
     0 | D:1      | 0 ||| qw: Version: 0.3-a-52-g30416fa
     0 | D:1      | 0 ||| qw: Game counter: 6702
     0 | D:1      | 0 ||| qw: Melee chars always use a shield: true
     0 | D:1      | 0 ||| qw: God list: Okawaru
     0 | D:1      | 0 ||| qw: Allow faded altars: false
     0 | D:1      | 0 ||| qw: Do Orc after clearing Dungeon:15 true
     0 | D:1      | 0 ||| qw: Do second Lair branch before Depths: true
     0 | D:1      | 0 ||| qw: Lair rune preference: random
     0 | D:1      | 0 ||| qw: Goals: Normal
     0 | D:1      | 0 ||| PLANNING D:1-11
   143 | D:1      | Reached XP level 2. HP: 16/16 MP: 3/3
   232 | D:1      | Reached skill level 3 in Ranged Weapons
   700 | D:1      | 700 ||| UPGRADING to +0 cloak.
   705 | D:1      | 705 ||| READING scroll labelled USEJUU XIKHLUA.
   706 | D:1      | 706 ||| READING scroll labelled BOELEPLYTZ.
   710 | D:1      | 710 ||| DROPPING scroll of poison.
   753 | D:2      | Reached XP level 3. HP: 21/21 MP: 4/4
  1105 | D:2      | Reached XP level 4. HP: 26/26 MP: 5/5
  1206 | D:2      | Reached skill level 4 in Ranged Weapons
  1390 | D:2      | 1390 ||| UPGRADING to +0 leather armour.
  1400 | D:2      | 1400 ||| DROPPING +0 robe.
  1401 | D:2      | 1401 ||| READING scroll labelled HOVOAM QEFUUN.
  1402 | D:2      | 1402 ||| READING scroll labelled VEBBUE MOIWOWY.
  1403 | D:2      | 1403 ||| READING scroll labelled USOGRUT YFEUD.
  1436 | D:3      | Noticed Robin
  1442 | D:3      | 1442 ||| STAIRDANCE
  1455 | D:3      | 1455 ||| STAIRDANCE
  1480 | D:3      | Killed Robin
  1545 | D:3      | Found a one-way gate to the infinite horrors of the Abyss.
  1545 | D:3      | Noticed qw's ghost (amateur MiHs)
  1567 | D:3      | Noticed an ancient zyme
  1580 | D:3      | Found a transporter.
  1582 | D:3      | Noticed a small abomination
  1585 | D:3      | Found a transporter.
  1657 | D:3      | Reached XP level 5. HP: 30/30 MP: 6/6
  1782 | D:3      | Found a blossoming altar of Fedhas.
  2073 | D:3      | 2073 ||| UPGRADING to +0 helmet.
  2112 | D:4      | Noticed a black bear
  2114 | D:4      | Noticed an ogre
  2116 | D:4      | 2116 ||| STAIRDANCE
  2123 | D:3      | Killed a black bear
  2124 | D:3      | Reached skill level 5 in Ranged Weapons
  2145 | D:4      | HP: 2/30 [ogre/+0 giant club (28)]
  2145 | D:4      | Slain by an adder

Levels and vault maps discovered:
D:1:      heliophobic_arrival_dark_side_of_the_moon, layout_loops_ring,
          minmay_misc_feat_ornament
D:2:      layout_loops_ring
D:3:      layout_basic, fedhas_altar_3, gammafunk_ghost_abyssal_escape,
          uniq_robin
D:4:      layout_layer_cave, minmay_misc_feat_x

Skill      XL: |  1  2  3  4  5 |
---------------+----------------+-----
Ranged Weapons | 3 4 5 |  5.6
Fighting       | 2 |  2.1
Dodging        | |  1.5
Spellcasting   | |  1.0
Hexes          | |  2.6

Action                     |  1- 3 |  4- 6 || total
---------------------------+-------+-------++-------
   Fire: Sling             |   107 |    82 ||   189
    Use: Scroll            |     2 |     3 ||     5
 Armour: Robe              |     8 |       ||     8
         Leather armour    |       |    40 ||    40
  Dodge: Dodged            |    23 |    41 ||    64

Table legend:
 A = Non-vault XP
 B = Vault XP
 C = Vault XP percentage of total XP
 D = Non-vault monster count
 E = Vault monster count
 F = Vault count percentage of total count
                 A         B        C        D         E       F
            +---------+---------+-------+---------+---------+-------
      Total |     276 |      29 |   9.5 |      56 |       8 |  12.5
            +---------+---------+-------+---------+---------+-------
        D:1 |      33 |       0 |   0.0 |      21 |       0 |   0.0
        D:2 |      70 |       4 |   5.4 |      23 |       2 |   8.0
        D:3 |     173 |      25 |  12.6 |      12 |       6 |  33.3
            +---------+---------+-------+---------+---------+-------
